 Dungeon Crawl Stone Soup version 0.25.0-10-g039870ee82 (webtiles) character file.

Game seed: 13325222237648663110

43975 Dirian the Fencer (level 13, 0/122 HPs)
             Began as a Minotaur Fighter on June 22, 2020.
             Was a High Priest of Zin.
             Slain by an orc warlord
             ... wielding a +0 war axe of electrocution
              (15 damage)
             ... on level 1 of the Orcish Mines.
             The game lasted 00:49:02 (22633 turns).

Dirian the Fencer (Minotaur Fighter)               Turns: 22633, Time: 00:49:03

Health: 0/122      AC: 23    Str: 26    XL:     13   Next: 93%
Magic:  20/20      EV:  8    Int:  5    God:    Zin [*****.]
Gold:   846        SH: 14    Dex: 14    Spells: 12/12 levels left

rFire    . . .     SeeInvis .   a - +2 long sword (vorpal)
rCold    + . .     Gourm    .   c - +1 kite shield
rNeg     . . .     Faith    .   g - +8 chain mail of the First Tusks {Dex+4}
rPois    .         Spirit   .   f - +2 hat
rElec    .         Reflect  .   A - +0 cloak
rCorr    +         Harm     .   (no gloves)
MR       .....                  (no boots)
Stlth    ..........             K - amulet of magic regeneration
HPRegen  0.30/turn              l - ring of protection from cold
MPRegen  0.42/turn              C - ring of resist corrosion

@: no status effects
A: retaliatory headbutt, horns 2
a: Recite, Vitalisation, Imprison, Sanctuary, Donate Gold, Renounce Religion


You were on level 1 of the Orcish Mines.
You worshipped Zin.
Zin was extremely pleased with you.
You were very hungry.

You visited 3 branches of the dungeon, and saw 17 of its levels.

You collected 1550 gold pieces.
You spent 550 gold pieces at shops.
You donated 154 gold pieces to Zin.

Inventory:

Hand Weapons
 a - a +2 vorpal long sword (weapon)
Armour
 c - a +1 kite shield (worn)
 f - a +2 hat (worn)
 g - the +8 chain mail of the First Tusks (worn) {Dex+4}
   (You bought it in a shop on level 8 of the Dungeon)

   It affects your dexterity (+4).
 A - a +0 cloak (worn)
Jewellery
 l - a ring of protection from cold (left hand)
 C - a ring of resist corrosion (right hand)
 K - an amulet of magic regeneration (around neck)
Wands
 s - a wand of flame (25)
 v - a wand of digging (12)
 y - a wand of enslavement (8)
 F - a wand of paralysis (5)
 H - a wand of iceblast (8)
Scrolls
 d - a scroll of magic mapping
 i - 3 scrolls of fog
 j - 2 scrolls of fear
 k - 3 scrolls of enchant weapon
 t - 4 scrolls of teleportation
 x - 5 scrolls of remove curse
 z - a scroll of blinking
Potions
 n - 2 potions of magic
 o - a potion of stabbing {unknown}
 p - 3 potions of cancellation {unknown}
 q - 9 potions of curing
 D - a potion of experience {unknown}
 E - a potion of brilliance {unknown}
Comestibles
 e - 11 rations


   Skills:
 + Level 13.2 Fighting
 - Level 16.0 Long Blades
 + Level 11.0 Armour
 + Level 11.1 Shields
 * Level 11.4 Invocations


You had 12 spell levels left.
You didn't know any spells.
Your spell library contained the following spells:

 Spells                   Type           Power        Failure   Level  Hunger
 Corona                   Hex            #......      99%         1    ##.....
 Ensorcelled Hibernation  Hex/Ice        #.....       99%         2    ###....
 Confusing Touch          Hex            #.......     100%        3    ####...
 Dazzling Flash           Conj/Hex       #.....       100%        3    ####...
 Tukima's Dance           Hex            #.......     100%        3    ####...


Dungeon Overview and Level Annotations

Branches:
Dungeon (13/15) Temple (0/1) D:7 Lair (2/6) D:10 Orc (2/2) D:11 Elf (0/3) Orc:2 Vaults (0/5) D:12 D:13 Swamp: Lair:2-4 Shoals: Lair:2-4 Snake: Lair:2-4 Spider: Lair:2-4

Altars:
Dithmenos
Elyvilon
Gozag
Kikubaaqudgha
Makhleb
Nemelex Xobeh
Okawaru
Qazlal
Ru
Sif Muna
Uskayaw
Wu Jian
Xom
Yredelemnul
Zin

Shops:
D:8 [   D:10 %   D:11 :   Orc:2 [}[

Annotations:
D:12 Rupert
Lair:1 3 runed translucent doors, Foost's ghost, journeyman MiBe; Omyorom's ghost, novice SpEE; Xaytacwe's ghost, journeyman GnNe
Orc:2 2 runed translucent doors, Skimidon's ghost, journeyman MiBe


Innate Abilities, Weirdness & Mutations

You reflexively headbutt those who attack you in melee.
You have a pair of horns on your head.


Message History

The orc warlord is heavily wounded.
You slash the orc warlord!
The orc warlord is severely wounded.
You block the orc warlord's attack.
You hit the orc warlord but do no damage.
You headbutt the orc warlord, but do no damage.
The orc warlord is severely wounded.
The orc warlord hits you with a +0 war axe of electrocution!
* * * LOW HITPOINT WARNING * * *
You hit the orc warlord but do no damage.
You headbutt the orc warlord, but do no damage.
The orc warlord is severely wounded.
You hit the orc warlord but do no damage.
The orc warlord is severely wounded.
The orc warlord hits you with a +0 war axe of electrocution!
* * * LOW HITPOINT WARNING * * *
You hit the orc warlord but do no damage.
The orc warlord is severely wounded.
The orc warlord hits you with a +0 war axe of electrocution!
You die...

### ##..............#.##.###.###
##.## #...........#.###########..
#...###..#..........##..##..##...
##.###...#...................##..
##.#............#................
#...............................#
##.#..............[........#...##
..###..........[))#......####.##
...............[@<).......##...##
...............)[o.......#.#....#
......#..............#..#........
..........#..........#...#...#..#
#.....##..............[.....##...
###.#.###...................#.#..
#.#............................
###.#..................#.#.......
)!..#...................##....#.#


You could see an orc warlord.

Vanquished Creatures
  Frances (D:13)
  Josephine (D:11)
  A catoblepas (shapeshifter) (D:13)
  2 centaur warriors
  11 two-headed ogres
  2 tengu warriors (D:13)
  An ogre mage (Orc:2)
  An orc high priest (Orc:2)
  Urug (D:10)
  Nergalle (D:10)
  A deep troll (Orc:1)
  An unseen horror (D:11)
  An orc knight (D:13)
  2 orc sorcerers
  7 cyclopes
  Maurice (D:8)
  A centaur zombie (D:13)
  Psyche (D:10)
  3 spiny frogs
  2 komodo dragons (Lair:1)
  A tengu conjurer (D:13)
  15 trolls
  A hornet (D:8)
  7 blink frogs
  7 hippogriffs
  Grinder (D:3)
  Sigmund (D:3)
  3 shadows
  15 humans
  10 yaks
  2 basilisks
  6 wraiths
  A hungry ghost (D:10)
  A soldier ant (D:12)
  5 wargs
  Edmund (D:4)
  2 porcupines
  4 water moccasins
  21 orc warriors
  An ice beast (D:10)
  3 sky beasts
  20 ogres
  2 phantoms
  2 necrophages
  6 centaurs
  5 crocodiles
  A big kobold (D:8)
  6 bullfrogs
  A water moccasin zombie (D:8)
  A scorpion (D:12)
  11 killer bees
  3 wights (D:9)
  2 howler monkeys
  3 crimson imps
  A bullfrog zombie (D:12)
  A quasit (D:9)
  4 centaur skeletons
  6 hounds
  2 jellies
  12 orc priests
  15 orc wizards
  4 bullfrog skeletons
  Jessica (D:3)
  Ijyb (D:3)
  Terence (D:3)
  2 iguanas
  10 worker ants
  Crazy Yiuf (D:3)
  Natasha (twice) (D:2)
  2 hound zombies
  A hound skeleton (D:7)
  Robin (D:2)
  5 gnolls
  11 adders
  A shadow imp (D:8)
  An ooze (D:2)
  An adder skeleton (D:6)
  5 worms
  A dart slug (D:1)
  4 leopard geckos
  52 orcs
  3 ball pythons
  4 bats
  2 giant cockroaches
  13 goblins
  6 hobgoblins
  6 jackals
  7 kobolds
  5 quokkas
  3 frilled lizards
  A leopard gecko skeleton (D:4)
  A leopard gecko zombie (D:6)
  11 rats
423 creatures vanquished.

Vanquished Creatures (others)
  4 orcs
  A fungus (Lair:2)
  A plant (Lair:1)
  3 withered plants (Lair:1)
9 creatures vanquished.

Grand Total: 432 creatures vanquished

Notes
Turn   | Place    | Note
-------+----------+-------------------------------------------
     0 | D:1      | Dirian the Minotaur Fighter began the quest for the Orb.
     0 | D:1      | Reached XP level 1. HP: 19/19 MP: 0/0
   387 | D:1      | Reached XP level 2. HP: 26/27 MP: 1/1
   759 | D:1      | Reached skill level 3 in Long Blades
   933 | D:2      | Noticed Robin
   944 | D:2      | Reached XP level 3. HP: 33/33 MP: 2/2
   958 | D:2      | Killed Robin
  1223 | D:2      | Noticed Natasha
  1229 | D:2      | Killed Natasha
  1229 | D:2      | Reached XP level 4. HP: 28/40 MP: 3/3
  1259 | D:2      | Reached skill level 4 in Long Blades
  1458 | D:2      | Found a faded altar of an unknown god.
  1504 | D:2      | Reached XP level 5. HP: 44/46 MP: 4/4
  1561 | D:2      | Found a stormy altar of Qazlal.
  1561 | D:2      | Found an opulent altar of Gozag.
  1563 | D:2      | Found a shadowy altar of Dithmenos.
  1566 | D:2      | Found a burning altar of Makhleb.
  1567 | D:2      | Found a shimmering altar of Xom.
  1567 | D:2      | Found an iron altar of Okawaru.
  1567 | D:2      | Found a hide-covered altar of Uskayaw.
  1567 | D:2      | Found a sacrificial altar of Ru.
  1570 | D:2      | Found a sparkling altar of Nemelex Xobeh.
  1571 | D:2      | Found a white marble altar of Elyvilon.
  1572 | D:2      | Found an ancient bone altar of Kikubaaqudgha.
  1716 | D:2      | Noticed Natasha
  1726 | D:2      | Killed Natasha
  1765 | D:2      | Became a worshipper of Zin the Law-Giver
  1765 | D:2      | Reached * piety under Zin
  1765 | D:2      | Reached ** piety under Zin
  1827 | D:3      | Reached skill level 5 in Long Blades
  2107 | D:3      | Noticed Terence
  2114 | D:3      | Killed Terence
  2160 | D:3      | Found a stormy altar of Qazlal.
  2344 | D:3      | Noticed Jessica
  2351 | D:3      | Noticed Sigmund
  2352 | D:3      | Killed Jessica
  2352 | D:3      | Reached XP level 6. HP: 53/53 MP: 5/5
  2359 | D:3      | Killed Sigmund
  2359 | D:3      | Reached skill level 6 in Long Blades
  2428 | D:3      | Found a runed translucent door.
  2429 | D:3      | Noticed Crazy Yiuf
  2503 | D:3      | Noticed Grinder
  2516 | D:3      | Killed Grinder
  2516 | D:3      | Reached skill level 5 in Fighting
  2516 | D:3      | Reached skill level 7 in Long Blades
  2516 | D:3      | Reached skill level 5 in Armour
  2516 | D:3      | Reached skill level 5 in Shields
  2516 | D:3      | Reached XP level 7. HP: 17/61 MP: 6/6
  3010 | D:3      | Noticed Ijyb
  3024 | D:3      | Killed Ijyb
  3257 | D:3      | Killed Crazy Yiuf
  3390 | D:4      | Reached *** piety under Zin
  3470 | D:4      | Reached skill level 8 in Long Blades
  3740 | D:4      | Reached skill level 1 in Invocations
  3824 | D:4      | Noticed Edmund
  3835 | D:4      | Killed Edmund
  3835 | D:4      | Reached XP level 8. HP: 57/68 MP: 7/7
  4099 | D:5      | Entered Level 5 of the Dungeon
  4123 | D:5      | Reached skill level 9 in Long Blades
  5047 | D:6      | Reached skill level 10 in Long Blades
  5258 | D:6      | Reached **** piety under Zin
  5446 | D:6      | Found an iron altar of Okawaru.
  5931 | D:7      | Found a staircase to the Ecumenical Temple.
  6026 | D:7      | Found a shimmering blue altar of Sif Muna.
  6325 | D:7      | Reached XP level 9. HP: 75/75 MP: 9/9
  6526 | D:7      | Found a basalt altar of Yredelemnul.
  6627 | D:8      | Noticed Maurice
  6665 | D:8      | Killed Maurice
  6665 | D:8      | Reached skill level 11 in Long Blades
  6892 | D:8      | Noticed a two-headed ogre
  6902 | D:8      | Killed a two-headed ogre
  6902 | D:8      | Reached skill level 12 in Long Blades
  7133 | D:8      | Found Zeicaf's Antique Armour Emporium.
  7159 | D:8      | Found an ornate altar of the Wu Jian Council.
  7769 | D:8      | Reached XP level 10. HP: 79/86 MP: 10/12
  8031 | D:8      | Bought a pitted chain mail for 275 gold pieces
  8042 | D:8      | Identified the +9 chain mail "Guhy" {Str+6 Int-5} (You
                  | bought it in a shop on level 8 of the Dungeon)
  8042 | D:8      | Lost intelligence.
  9296 | D:10     | Entered Level 10 of the Dungeon
  9315 | D:10     | Noticed Nergalle
  9318 | D:10     | Noticed a spectral orc warlord
  9449 | D:10     | Killed Nergalle
  9449 | D:10     | Reached skill level 13 in Long Blades
  9638 | D:10     | Found Inab Jae's Food Boutique.
  9658 | D:10     | Reached skill level 5 in Invocations
  9764 | D:10     | Noticed Urug
  9777 | D:10     | Noticed Psyche
 10127 | D:10     | Found a staircase to the Lair.
 10672 | D:10     | Killed Psyche
 10672 | D:10     | Reached XP level 11. HP: 95/95 MP: 14/14
 10795 | D:10     | Killed Urug
 10795 | D:10     | Reached skill level 14 in Long Blades
 10797 | D:10     | Reached ***** piety under Zin
 11227 | D:11     | Killed an unseen horror
 11337 | D:11     | Found a staircase to the Orcish Mines.
 11487 | D:11     | Noticed Josephine
 11503 | D:11     | Killed Josephine
 12284 | D:11     | Noticed a tengu warrior
 12420 | D:11     | Found Ceny's Book Shop.
 13214 | D:12     | Noticed a seven-headed hydra
 13274 | D:12     | Noticed a two-headed ogre
 13285 | D:11     | Killed a two-headed ogre
 13285 | D:11     | Reached skill level 10 in Fighting
 13285 | D:11     | Reached skill level 15 in Long Blades
 13412 | D:12     | Noticed a two-headed ogre
 13430 | D:11     | Killed a two-headed ogre
 13672 | D:12     | Reached XP level 12. HP: 101/106 MP: 17/17
 13841 | D:13     | Noticed a centaur warrior
 13882 | D:13     | Killed a centaur warrior
 13963 | D:13     | Noticed a centaur warrior
 13968 | D:13     | Noticed Frances
 14332 | D:13     | Found a gate to the Vaults.
 14332 | D:13     | Noticed Rupert
 14334 | D:13     | Paralysed by Rupert for 2 turns
 14343 | D:12     | Paralysed by Rupert for 6 turns
 14793 | D:13     | Killed Frances
 15113 | D:13     | Noticed an entropy weaver
 15124 | D:13     | Noticed a catoblepas
 15124 | D:13     | an entropy weaver changed into a catoblepas
 15428 | D:12     | Killed a centaur warrior
 15570 | D:13     | Killed a catoblepas
 15570 | D:13     | Reached skill level 16 in Long Blades
 16067 | D:13     | Noticed a tengu warrior
 16120 | D:13     | Reached skill level 10 in Invocations
 16217 | D:13     | Noticed a two-headed ogre
 16233 | D:13     | Killed a two-headed ogre
 16279 | D:13     | Killed a tengu warrior
 16798 | D:13     | Noticed a tengu warrior
 16860 | D:13     | Killed a tengu warrior
 16860 | D:13     | Reached XP level 13. HP: 82/119 MP: 19/19
 17097 | Orc:1    | Entered Level 1 of the Orcish Mines
 17327 | Orc:1    | Noticed an orc warlord
 17603 | Lair:1   | Entered Level 1 of the Lair of Beasts
 17673 | Lair:1   | Found a runed translucent gate.
 17673 | Lair:1   | Found a runed translucent gate.
 17679 | Lair:1   | Found a runed translucent gate.
 17680 | Lair:1   | Noticed Xaytacwe's ghost (journeyman GnNe)
 17680 | Lair:1   | Noticed Omyorom's ghost (novice SpEE)
 17680 | Lair:1   | Noticed Foost's ghost (journeyman MiBe)
 20078 | Orc:2    | Entered Level 2 of the Orcish Mines
 20081 | Orc:2    | Paralysed by an orc sorcerer for 4 turns
 20883 | D:8      | Bought a spiked chain mail for 275 gold pieces
 20893 | D:8      | Identified the +8 chain mail of the First Tusks {Dex+4}
                  | (You bought it in a shop on level 8 of the Dungeon)
 21014 | Orc:2    | Reached skill level 10 in Shields
 21282 | D:11     | Reached skill level 10 in Armour
 21868 | Orc:2    | Found a staircase to the Elven Halls.
 21941 | Orc:2    | Found a large runed translucent door.
 21947 | Orc:2    | Found a large runed translucent door.
 21947 | Orc:2    | Noticed Skimidon's ghost (journeyman MiBe)
 22027 | Orc:2    | Found Vuleshru's Gadget Shop.
 22032 | Orc:2    | Found Ruabbeva's Antique Armour Shop.
 22032 | Orc:2    | Found Kimmid's Armour Emporium.
 22082 | Orc:2    | Noticed an orc warlord
 22633 | Orc:1    | Slain by an orc warlord

Illustrated notes

Levels and vault maps discovered:
D:1:      dpeg_arrival_ratfight, layout_basic
D:2:      layout_loops_cross, minitemple, first_ration,
          chequers_ecumenical_altar_lobes, uniq_robin, uniq_natasha
D:3:      layout_loops_ring, nicolae_qazlal_eye_of_the_storm, uniq_terence,
          uniq_crazy_yiuf_cottage, uniq_jessica, uniq_grinder, uniq_ijyb,
          uniq_sigmund
D:4:      layout_loops_ring, uniq_edmund
D:5:      layout_loops_ring
D:6:      layout_loops_ring, okawaru_gym_becter
D:7:      layout_basic, kennysheep_mini_moat, temple_fountains,
          lemuel_altar_in_water
D:8:      layout_cave_pods, kennysheep_mini, serial_shops, shop, uniq_maurice
D:9:      layout_loops_cross
D:10:     layout_roguey, lair_entry_dummy, serial_shops, shop, grunt_ogre_cave,
          nicolae_benzene_ring, uniq_psyche, uniq_nergalle, uniq_urug
D:11:     layout_cave_pods, orc_0_dummy, serial_shops,
          nicolae_shop_competitors_out_of_business, lightli_corner_chamber,
          uniq_josephine
D:12:     layout_roguey
D:13:     layout_irregular_city, david_vaults_3, gauntlet_entry_generic,
          uniq_frances
Lair:1:   layout_hall_layers, gammafunk_ghost_cemetery
Lair:2:   layout_misc_corridors, spider_nest_entry_webs
Orc:1:    layout_caves, enter_volcano_2, enter_bailey_7, nicolae_orc_tapped_out
Orc:2:    st_orc_open, layout_caves, ebering_ghost_disaster_area

Skill      XL: |  1  2  3  4  5  6  7  8  9 10 11 12 13 |
---------------+----------------------------------------+-----
Armour         | 4 5 6 7 8 11 | 11.0
Long Blades    | 3 4 5 7 8 10 12 13 15 16 | 16.0
Shields        | 4 5 6 7 8 9 11 | 11.1
Fighting       | 4 5 6 7 8 10 12 13 | 13.2
Invocations    | 1 2 4 6 8 10 11 | 11.4

Action                   |  1- 3 |  4- 6 |  7- 9 | 10-12 | 13-15 || total
-------------------------+-------+-------+-------+-------+-------++-------
Melee: Long sword        |    76 |   104 |   305 |   760 |   479 ||  1724
       Headbutt          |    12 |    20 |    66 |   159 |   119 ||   376
Invok: Recite            |       |     1 |     4 |    18 |    14 ||    37
       Vitalisation      |       |       |       |     3 |     1 ||     4
       Sanctuary         |       |       |       |     1 |     1 ||     2
Evoke: Wand              |       |       |       |       |     2 ||     2
  Use: Potion            |       |     2 |       |     9 |     1 ||    12
       Scroll            |       |       |    11 |     5 |    11 ||    27
 Stab: Confused          |       |       |       |     3 |     1 ||     4
       Invisible         |       |       |       |     2 |     8 ||    10
       Paralysed         |       |       |       |     1 |     9 ||    10
  Eat: Chunk             |     1 |     4 |     7 |    16 |     9 ||    37
       Ration            |       |       |     3 |     4 |     3 ||    10
Armor: Scale mail        |    29 |    33 |    18 |       |       ||    80
       Chain mail        |       |       |    65 |   206 |   223 ||   494
Dodge: Dodged            |    21 |    24 |    55 |   116 |   155 ||   371
Block: Kite shield       |    36 |    45 |   123 |   392 |   351 ||   947
       Rpst.: Long sword |     8 |     6 |    15 |    25 |    29 ||    83
